 Dungeon Crawl Stone Soup version 0.26-a0-1060-g086102a3f0 (webtiles) character file.

Game seed: 5248350597335501877

196 timneilson the Shield-Bearer (level 5, -2/49 HPs)
             Began as a Gargoyle Fighter on Dec 13, 2020.
             Slain by a river rat (6 damage)
             ... in a sewer.
             The game lasted 00:06:05 (1892 turns).

timneilson the Shield-Bearer (Gargoyle Fighter)     Turns: 1892, Time: 00:06:06

Health: -2/49      AC: 22    Str: 20    XL:     5   Next: 74%
Magic:  5/5        EV: -1    Int:  9    God:
Gold:   117        SH: 10    Dex:  9    Spells: 4/4 levels left

rFire    . . .     SeeInvis .   a - +0 long sword
rCold    . . .     Faith    .   c - +1 kite shield
rNeg     + + +     Spirit   .   (armour currently unavailable)
rPois    ∞         Reflect  .   (helmet currently unavailable)
rElec    .         Harm     .   (cloak currently unavailable)
rCorr    .         Rampage  .   (gloves currently unavailable)
Will     .....     NoTele   +   (boots currently unavailable)
Stlth    +.........             (no amulet)
HPRegen  0.16/turn              n - ring of teleportation (curse)
MPRegen  0.09/turn              (no ring)

@: mighty, tree-form (expiring), constricted
A: negative energy resistance 1, petrification resistance, rot immunity, AC +4
a: no special abilities


You were in a sewer.
You were a tree.
You visited 1 branch of the dungeon, and saw 3 of its levels.
You also visited: Sewer.

You collected 117 gold pieces.

Inventory:

Hand Weapons
 a - a +0 long sword (weapon)
Armour
 b - a +0 scale mail (melded)
 c - a +1 kite shield (worn)
 f - a +0 cloak (melded)
Jewellery
 n - a cursed ring of teleportation (left branch)
Scrolls
 h - 3 scrolls of teleportation
 i - a scroll of enchant armour
 m - 2 scrolls of immolation
Potions
 j - 3 potions of curing {unknown}
 k - a potion of ambrosia {unknown}
 l - 2 potions of brilliance {unknown}
 o - a potion of cancellation {unknown}
 p - a potion of attraction {unknown}


   Skills:
 + Level 4.0 Fighting
 * Level 3.1 Long Blades
 * Level 4.5 Armour
 * Level 4.5 Shields


You had 4 spell levels left.
You didn't know any spells.
Your spell library was empty.

Dungeon Overview and Level Annotations

Branches:
Dungeon (3/15)              Sewer (1/1)

Altars:
Xom


Innate Abilities, Weirdness & Mutations

You are resistant to torment.
((Your stone body is resilient. (AC +4)))
You are immune to poison.
You resist negative energy. (rN+)
((You are resistant to electric shocks. (rElec)))
((You can survive without breathing.))
You are immune to petrification.
You are immune to rotting.


Message History

You block the rat's attack.
The ball python bites you but does no damage.
The ball python constricts you. The rat bites you but does no damage.
You closely miss the river rat.
The river rat bites you but does no damage.
The rat bites you but does no damage.
The ball python bites you but does no damage.
The ball python constricts you. The rat bites you but does no damage.
The rat bites you.
* * * LOW HITPOINT WARNING * * *
The rat bites you but does no damage. You block the river rat's attack.
You barely miss the river rat.
Your transformation is almost over.
The ball python bites you but does no damage.
The ball python constricts you. You block the rat's attack.
The rat bites you but does no damage. You block the rat's attack.
The rat bites you but does no damage. The ball python bites you.
* * * LOW HITPOINT WARNING * * *
The ball python constricts you. The river rat bites you.
You die...

≈≈≈≈≈≈≈....## #.....
≈≈≈≈≈≈≈.....# #....#
≈≈≈≈≈≈≈.....#
#....##≈≈≈≈≈≈≈....##
#.....#≈≈≈≈≈≈≈....#
#.....≈≈≈≈≈≈≈≈≈†.†##
#......≈≈≈≈≈≈≈....##
#†.S..≈≈≈≈≈.......#
#r♣r.≈≈≈≈≈≈.......#
#rrr..≈≈≈≈≈.......#
#.rr#..≈≈≈≈≈≈.....##
#...##≈≈≈≈≈.≈.....#
...## .≈≈≈≈......##
#... ≈≈≈≈≈.....###
##.. ≈≈......###∩
##. ≈≈≈.....###.
≈≈.......#..


You could see a river rat, a ball python and 6 rats.

Vanquished Creatures
  A big kobold (Sewer)
  An adder (Sewer)
  4 river rats
  An ooze (D:1)
  2 worms
  2 dart slugs
  3 ball pythons
  6 bats
  5 giant cockroaches
  8 goblins
  9 hobgoblins
  8 kobolds
  5 frilled lizards
  13 rats
68 creatures vanquished.

Notes
Turn   | Place    | Note
-------+----------+-------------------------------------------
     0 | D:1      | timneilson the Gargoyle Fighter began the quest for the
                  | Orb.
     0 | D:1      | Reached XP level 1. HP: 14/14 MP: 1/1
    28 | D:1      | Reached XP level 2. HP: 11/19 MP: 2/2
   285 | D:1      | Reached XP level 3. HP: 20/23 MP: 3/3
   959 | D:2      | Found a shimmering altar of Xom.
   960 | D:2      | Found a shimmering altar of Xom.
   962 | D:2      | Found a shimmering altar of Xom.
   962 | D:2      | Found a shimmering altar of Xom.
  1175 | D:2      | Reached XP level 4. HP: 28/28 MP: 4/4
  1617 | D:3      | Found a glowing drain.
  1661 | Sewer    | Entered a sewer
  1819 | Sewer    | Noticed a big kobold
  1841 | Sewer    | Killed a big kobold
  1842 | Sewer    | Reached XP level 5. HP: 20/33 MP: 5/5
  1892 | Sewer    | Slain by a river rat

Illustrated notes

Levels and vault maps discovered:
D:1:      wander_arrival_lonely_grave, layout_loops_ring,
          hangedman_decor_growths, minmay_split_cup_large
D:2:      layout_basic, xom_redecorated
D:3:      layout_basic, portal_sewer_entry_a
Sewer:    sewer_minmay_treatment

Skill      XL: |  1  2  3  4  5 |
---------------+----------------+-----
Long Blades    | 2 3 |  3.1
Armour         | 4 |  4.5
Shields        | 4 |  4.5
Fighting       | 4 |  4.0

Action                   |  1- 3 |  4- 6 || total
-------------------------+-------+-------++-------
Melee: Long sword        |   146 |   104 ||   250
  Use: Scroll            |     5 |     2 ||     7
       Potion            |       |     2 ||     2
Armor: Scale mail        |    97 |   105 ||   202
       Skin              |       |    36 ||    36
Dodge: Dodged            |    63 |    57 ||   120
Block: Kite shield       |   103 |   110 ||   213
       Rpst.: Long sword |    19 |    19 ||    38

Table legend: (Time is in decaauts)
 A = Elapsed time spent in this place.
 B = Non-inter-level travel time spent in this place.
 C = Inter-level travel time spent in this place.
 D = Time resting spent in this place.
 E = Time spent auto-exploring this place.
 F = Levels seen in this place.
 G = Mean time per level.
                   A        B        C        D        E       F      G
               +--------+--------+--------+--------+--------+-----+--------+
         Total |   1981 |   1916 |     65 |      0 |   1310 |   4 |  495.2 |
       Dungeon |   1729 |   1664 |     65 |      0 |   1169 |   3 |  576.3 |
         Sewer |    252 |    252 |      0 |      0 |    141 |   1 |  252.0 |
               +--------+--------+--------+--------+--------+-----+--------+

Top non-repeatable levels by time:
     D:1: 974 daAuts
     D:2: 694 daAuts
   Sewer: 252 daAuts
     D:3: 60 daAuts
